[Event "Titled Tuesday Blitz February 15 Early 2022"]
[White "Bethke, Richard"]
[Black "Johnson, Ben"]
[WhiteFideId "12959243"]
[BlackFideId "2010917"]
[WhiteElo "2428"]
[BlackElo "2197"]
[Result "0-1"]
[Round "03"]
[TimeControl "180+1"]
[Date "2022.02.15"]
[WhiteClock "0:00:12"]
[BlackClock "0:00:24"]

1. e4 c5 2. Nf3 Nc6 3. d4 cxd4 4. Nxd4 Nf6 5. Nc3 e5 6. Ndb5 d6 7. Nd5 Nxd5 8. exd5 Nb8 9. c3 Be7 10. Bd3 O-O 11. a4 a6 12. Na3 f5 13. O-O Nd7 14. Nc4 a5 15. b4 axb4 16. cxb4 Nb6 17. a5 Nxc4 18. Bxc4 Bd7 19. Bb2 b5 20. Bb3 e4 21. f3 Bf6 22. Bxf6 Qxf6 23. fxe4 f4 24. Qd3 Qe5 25. Rac1 Rae8 26. Rfe1 f3 27. gxf3 Rf6 28. Rc2 Ref8 29. Re3 Bh3 30. Rf2 Rg6+ 31. Kh1 Qg5 32. Re1 Bg2+ 33. Kg1 Bxf3+ 34. Kf1 Qg1# 0-1


[Site "https://www.chess.com"]

[Event "Titled Tuesday Blitz February 15 Early 2022"]
[White "Bettalli, Francesco"]
[Black "Riehle, Marco"]
[WhiteFideId "2816453"]
[BlackFideId "12904392"]
[WhiteElo "2216"]
[BlackElo "2462"]
[Result "0-1"]
[Round "03"]
[TimeControl "180+1"]
[Date "2022.02.15"]
[WhiteClock "0:00:08"]
[BlackClock "0:00:13"]

1. d4 e6 2. e4 d5 3. Nc3 dxe4 4. Nxe4 Nd7 5. Bd3 c5 6. dxc5 Nxc5 7. Nxc5 Bxc5 8. Bb5+ Bd7 9. Bxd7+ Qxd7 10. Qxd7+ Kxd7 11. Nf3 f6 12. Ke2 Ne7 13. Bd2 Kc6 14. Rad1 Rad8 15. c4 Nf5 16. Bc3 e5 17. b4 Be7 18. c5 a6 19. g4 Nh6 20. h3 Nf7 21. Nd2 Rd5 22. Nc4 Rhd8 23. Rxd5 Rxd5 24. Ne3 Rd8 25. Rc1 Kb5 26. Nf5 Bf8 27. Ng3 Ng5 28. h4 Ne6 29. Rd1 Nf4+ 30. Ke1 Ng2+ 31. Ke2 Nf4+ 32. Ke1 Ng2+ 33. Ke2 Rxd1 34. Kxd1 Nxh4 35. Ke2 Kc4 36. Bd2 a5 37. a3 Kb3 38. Ne4 a4 39. Kd3 Kxa3 40. Kc3 Nf3 41. Bc1+ Ka2 42. Be3 a3 43. Kc2 Ne1+ 44. Kd2 Kb2 45. Nc3 Nf3+ 46. Kd3 a2 47. Nxa2 Kxa2 48. Ke4 Ne1 49. b5 Kb3 50. c6 bxc6 51. bxc6 Bd6 52. Kd5 Bb8 53. Ke6 Nd3 54. Ba7 Bc7 55. Kd7 Ba5 56. Bb8 Nb4 57. Bd6 g6 58. Bxb4 Kxb4 59. Ke6 h5 60. Kxf6 h4 61. Kxg6 h3 62. Kf7 h2 63. c7 Bxc7 64. g5 h1=Q 65. g6 Qf3+ 66. Ke8 Qxf2 67. g7 Qg3 68. Kf8 e4 69. g8=Q Bd6+ 0-1


[Site "https://www.chess.com"]

[Event "Titled Tuesday Blitz February 15 Early 2022"]
[White "Bhagwat, Vinod"]
[Black "Maze, Sebastien"]
[WhiteFideId "5005949"]
[BlackFideId "613762"]
[WhiteElo "2115"]
[BlackElo "2462"]
[Result "0-1"]
[Round "03"]
[TimeControl "180+1"]
[Date "2022.02.15"]
[WhiteClock "0:00:01"]
[BlackClock "0:00:15"]

1. d4 Nf6 2. c4 g6 3. Nc3 Bg7 4. e4 d6 5. Nf3 Na6 6. h3 O-O 7. Bg5 h6 8. Be3 e5 9. d5 Nc5 10. Nd2 a5 11. g4 c6 12. Be2 Bd7 13. Kf1 Nh7 14. Kg2 Kh8 15. Bxc5 dxc5 16. Nb3 cxd5 17. Qxd5 b6 18. Rad1 Be6 19. Qxd8 Rfxd8 20. Nd5 Rab8 21. Rd2 Ng5 22. f3 Bc8 23. Rhd1 Ne6 24. Ne7 Rxd2 25. Rxd2 a4 26. Nc1 Nd4 27. Bd1 Bf6 28. Nxc8 Rxc8 29. Bxa4 Bg5 30. Rd1 Bxc1 31. Rxc1 Ra8 32. b3 Kg7 33. h4 h5 34. gxh5 gxh5 35. Kf2 Kf6 36. Rg1 Ne6 37. Rd1 Nd4 38. Rg1 Rd8 39. Rd1 Rg8 40. a3 Ke6 41. b4 Ra8 42. Bb5 Rxa3 43. bxc5 bxc5 44. Rg1 Rxf3+ 45. Ke1 Rf4 46. Rg8 Rxe4+ 47. Kd2 Rxh4 48. Re8+ Kf5 49. Bd7+ Kf4 50. Rc8 Rh2+ 0-1


[Site "https://www.chess.com"]

[Event "Titled Tuesday Blitz February 15 Early 2022"]
[White "Bilan, Danila"]
[Black "Goldin, Roman"]
[WhiteFideId "24161918"]
[BlackFideId "2803860"]
[WhiteElo "2164"]
[BlackElo "2312"]
[Result "0-1"]
[Round "03"]
[TimeControl "180+1"]
[Date "2022.02.15"]
[WhiteClock "0:00:04"]
[BlackClock "0:00:07"]

1. d4 Nf6 2. Nf3 b5 3. g3 Bb7 4. Bg2 c5 5. O-O cxd4 6. Nxd4 Bxg2 7. Kxg2 Qc7 8. Qd3 Qb7+ 9. Kg1 a6 10. a4 b4 11. b3 d5 12. Bb2 Nbd7 13. Nd2 g6 14. N4f3 Bg7 15. Ne5 Nc5 16. Qe3 Rc8 17. f3 O-O 18. Rfd1 Ne6 19. Rac1 d4 20. Qf2 Nd5 21. Ndc4 Nc3 22. Bxc3 bxc3 23. e3 dxe3 24. Qxe3 Rfd8 25. Kg2 Qb4 26. Rxd8+ Rxd8 27. Nc6 Qb7 28. Nxd8 Nxd8 29. Rd1 Ne6 30. Qb6 Qxb6 31. Nxb6 Nd4 32. Nd5 Nxc2 33. Rc1 Nd4 34. Rxc3 e6 35. Rc8+ Bf8 36. Nb4 a5 37. Nc6 Nxb3 38. Rb8 Nc5 39. Nxa5 Nxa4 40. Rb7 Nc5 41. Ra7 Nd3 42. Nc6 Bc5 43. Nd8 Bxa7 0-1


[Site "https://www.chess.com"]

[Event "Titled Tuesday Blitz February 15 Early 2022"]
[White "Blokhin, Sofia"]
[Black "Ozdemir, Serhan Berat"]
[WhiteFideId "4508190"]
[BlackFideId "6374611"]
[WhiteElo "1762"]
[BlackElo "1920"]
[Result "1/2-1/2"]
[Round "03"]
[TimeControl "180+1"]
[Date "2022.02.15"]
[WhiteClock "0:00:21"]
[BlackClock "0:00:05"]

1. e4 c5 2. Nf3 e6 3. d4 cxd4 4. Nxd4 a6 5. Nc3 b5 6. a3 Bb7 7. Be3 Qc7 8. f3 Nf6 9. Qd2 Nc6 10. O-O-O b4 11. axb4 Bxb4 12. g4 d6 13. h4 Qa5 14. Nb3 Qc7 15. h5 Ne5 16. Be2 Rc8 17. Bd4 Nfd7 18. h6 Rg8 19. hxg7 Nc4 20. Bxc4 Qxc4 21. Rxh7 e5 22. Rh8 Ke7 23. Be3 Rxh8 24. gxh8=Q Rxh8 25. Bg5+ f6 26. Be3 a5 27. Nd5+ Bxd5 28. Qxd5 Rc8 29. Qxc4 Rxc4 30. c3 a4 31. Na1 a3 32. Bd2 axb2+ 33. Kxb2 Bc5 34. Nb3 Ra4 35. Ra1 Rxa1 36. Kxa1 Bf2 37. Kb2 Ke6 38. c4 Nc5 39. Nxc5+ dxc5 40. Bc3 Kd6 41. Kc2 Kc6 42. Kd2 Kd6 43. Ke2 Bg3 44. Ke3 Bf4+ 45. Ke2 Bg3 46. Ke3 Bf4+ 47. Ke2 Bg3 1/2-1/2


[Site "https://www.chess.com"]

[Event "Titled Tuesday Blitz February 15 Early 2022"]
[White "Bon, Michael"]
[Black "Vakhlamov, Igor L."]
[WhiteFideId "620696"]
[BlackFideId "24126748"]
[WhiteElo "2454"]
[BlackElo "2401"]
[Result "0-1"]
[Round "03"]
[TimeControl "180+1"]
[Date "2022.02.15"]
[WhiteClock "0:00:04"]
[BlackClock "0:00:07"]

1. e4 a6 2. d4 c6 3. Nc3 d5 4. Nf3 Bg4 5. h3 Bxf3 6. Qxf3 e6 7. exd5 cxd5 8. Bd3 Nc6 9. Be3 Bb4 10. O-O Nf6 11. Ne2 O-O 12. c3 Be7 13. Bf4 b5 14. Rfe1 b4 15. Rac1 bxc3 16. bxc3 Ra7 17. Ng3 Re8 18. Nh5 Nxh5 19. Qxh5 g6 20. Qg4 Bd6 21. Bh6 Bf8 22. Bd2 Na5 23. h4 h5 24. Qh3 Nc4 25. Bg5 Be7 26. f4 Bxg5 27. hxg5 Kg7 28. Re2 Nd6 29. g3 a5 30. Rce1 Rc7 31. g4 Rh8 32. Rxe6 hxg4 33. Qxg4 Rxc3 34. Bb1 fxe6 35. Rxe6 Ne4 36. Rxg6+ Kxg6 37. Qe6+ Kg7 38. Qe5+ Kh7 39. Qf5+ Kg8 40. Qg6+ Kf8 41. Bxe4 dxe4 42. f5 Qxd4+ 0-1


[Site "https://www.chess.com"]

[Event "Titled Tuesday Blitz February 15 Early 2022"]
[White "Bongo Akanga Ndjila, Barthelemy"]
[Black "Krylov, Ivan"]
[WhiteFideId "10609431"]
[BlackFideId "24128066"]
[WhiteElo "1803"]
[BlackElo "2258"]
[Result "1/2-1/2"]
[Round "03"]
[TimeControl "180+1"]
[Date "2022.02.15"]
[WhiteClock "0:01:08"]
[BlackClock "0:00:26"]

1. d4 d5 2. Nf3 Nf6 3. Bg5 e6 4. e3 Be7 5. c3 O-O 6. Bd3 b6 7. Nbd2 Bb7 8. a4 a5 9. O-O Nbd7 10. Re1 c5 11. Bb5 c4 12. Bxf6 Nxf6 13. Ne5 Rc8 14. g4 h6 15. h4 Bd6 16. f4 Bxe5 17. fxe5 Ne4 18. Nxe4 dxe4 19. Kg2 Qxh4 20. Rh1 Qg5 21. Qe2 Bd5 22. Rh5 Qe7 23. Rah1 f6 24. exf6 Rxf6 25. g5 Rg6 26. Qg4 Rxg5 27. Rxg5 Qxg5 28. Qxg5 hxg5 29. Rh5 Kf7 30. Rxg5 Rh8 31. Bd7 Rd8 32. Bb5 Kf6 33. Rg4 Rh8 34. Bd7 Rh5 35. Be8 Rg5 36. Kh3 Rf5 37. Kg2 Rg5 38. Kh3 Rf5 39. Kg2 Rg5 1/2-1/2


[Site "https://www.chess.com"]

[Event "Titled Tuesday Blitz February 15 Early 2022"]
[White "Borisova, Ekaterina"]
[Black "Sankalp Gupta"]
[WhiteFideId "34124184"]
[BlackFideId "5097010"]
[WhiteElo "2034"]
[BlackElo "2395"]
[Result "1-0"]
[Round "03"]
[TimeControl "180+1"]
[Date "2022.02.15"]
[WhiteClock "0:00:06"]
[BlackClock "0:00:03"]

1. d4 Nf6 2. c4 e6 3. Nc3 Bb4 4. f3 c5 5. d5 d6 6. e4 b5 7. Ne2 bxc4 8. Nf4 e5 9. Ne2 Nbd7 10. Ng3 Nb6 11. Be2 Ng8 12. O-O Ne7 13. f4 exf4 14. Bxf4 Ng6 15. Bg4 O-O 16. Bxc8 Rxc8 17. Nf5 Nxf4 18. Rxf4 g6 19. Qg4 Rc7 20. Raf1 f6 21. Nb5 Rd7 22. Nh4 Bd2 23. R4f3 Bg5 24. g3 Re7 25. Ng2 h5 26. Qh3 Rxe4 27. Nf4 Bxf4 28. gxf4 Nxd5 29. Rg3 Kh7 30. Qg2 Re7 31. Qxd5 Qa8 32. Qxa8 Rxa8 33. Nxd6 Rb8 34. Nxc4 Re4 35. b3 Rd8 36. h4 Rdd4 37. f5 Rg4 38. fxg6+ Kxg6 39. Kg2 f5 40. Ne5+ Kf6 41. Nxg4+ hxg4 42. Rf2 Kg6 43. Rc3 Rd5 44. Rc4 Kh5 45. Rcf4 Kxh4 46. Rxf5 Rd1 47. Rxc5 Ra1 48. Rc4 a5 49. Ra4 Rb1 50. Rff4 Rb2+ 51. Kf1 Rb1+ 52. Ke2 Kh3 53. Rxg4 Rb2+ 54. Kd3 1-0


[Site "https://www.chess.com"]

[Event "Titled Tuesday Blitz February 15 Early 2022"]
[White "Borsuk, Konstantin"]
[Black "Namitbir Singh Walia"]
[WhiteFideId "14113406"]
[BlackFideId "35071068"]
[WhiteElo "2406"]
[BlackElo "1479"]
[Result "0-1"]
[Round "03"]
[TimeControl "180+1"]
[Date "2022.02.15"]
[WhiteClock "0:00:35"]
[BlackClock "0:00:27"]

1. d4 Nf6 2. c4 e6 3. Nc3 Bb4 4. Qc2 b6 5. f3 c5 6. a3 Bxc3+ 7. bxc3 Bb7 8. e4 d6 9. d5 O-O 10. Bd3 Nbd7 11. Ne2 Ne5 12. Bf4 exd5 13. Bxe5 dxe4 14. Bxf6 exd3 15. Bxd8 dxc2 16. Bh4 Rfe8 17. Kd2 Ba6 18. Nc1 Bxc4 19. Kxc2 Re6 20. Re1 Rg6 21. g3 f6 22. f4 Rh6 23. Rd1 Rh5 24. Rxd6 g5 25. Rxf6 gxh4 26. g4 Rd5 27. a4 Rad8 28. a5 Rd2+ 29. Kb1 bxa5 30. Rxa5 Rb8+ 31. Ka1 Rd1 0-1


[Site "https://www.chess.com"]

[Event "Titled Tuesday Blitz February 15 Early 2022"]
[White "Bouchet, Sebastien"]
[Black "Wagh Suyog"]
[WhiteFideId "623571"]
[BlackFideId "25071688"]
[WhiteElo "2425"]
[BlackElo "2181"]
[Result "1-0"]
[Round "03"]
[TimeControl "180+1"]
[Date "2022.02.15"]
[WhiteClock "0:00:34"]
[BlackClock "0:01:01"]

1. e4 e6 2. d3 d5 3. Nd2 dxe4 4. dxe4 e5 5. Ngf3 Nc6 6. Bb5 Bd6 7. Nc4 Qe7 8. O-O Bd7 9. Nxd6+ cxd6 10. c3 a6 11. Bc4 Be6 12. Qe2 Nf6 13. Bg5 h6 14. Bh4 g5 15. Bg3 Nh5 16. Rad1 Nf4 17. Bxf4 gxf4 18. Bxe6 fxe6 19. Ne1 O-O-O 20. b4 Rhg8 21. a4 Qf6 22. f3 Ne7 23. b5 a5 24. Qf2 d5 25. Qa7 d4 26. Nd3 Ng6 27. Nc5 Qe7 28. Qa8+ Kc7 29. Qxb7+ Kd6 30. Qc6# 1-0


[Site "https://www.chess.com"]

[Event "Titled Tuesday Blitz February 15 Early 2022"]
[White "Brunner, Nicolas"]
[Black "Galchenko, Matvey"]
[WhiteFideId "620246"]
[BlackFideId "24175480"]
[WhiteElo "2372"]
[BlackElo "2453"]
[Result "1/2-1/2"]
[Round "03"]
[TimeControl "180+1"]
[Date "2022.02.15"]
[WhiteClock "0:00:38"]
[BlackClock "0:00:05"]

1. d4 Nf6 2. c4 c5 3. d5 e6 4. Nc3 exd5 5. cxd5 d6 6. Nf3 g6 7. g3 Bg7 8. Bg2 O-O 9. O-O Re8 10. h3 a6 11. a4 Nbd7 12. Nd2 Rb8 13. Nc4 Ne5 14. Na3 Nh5 15. e4 f5 16. exf5 Bxf5 17. g4 Bxg4 18. hxg4 Qh4 19. gxh5 Rf8 20. h6 Bh8 21. f3 Ng4 22. fxg4 Bd4+ 23. Qxd4 Rxf1+ 24. Kxf1 cxd4 25. Ne4 Rf8+ 26. Kg1 Qe1+ 27. Kh2 d3 28. Nc4 Qh4+ 29. Kg1 Qe1+ 30. Kh2 Qh4+ 31. Kg1 Qe1+ 32. Kh2 1/2-1/2


[Site "https://www.chess.com"]

[Event "Titled Tuesday Blitz February 15 Early 2022"]
[White "Carrasco Miranda, Andres"]
[Black "Soderstrom, Adrian"]
[WhiteFideId "3405990"]
[BlackFideId "1745786"]
[WhiteElo "2177"]
[BlackElo "2107"]
[Result "1-0"]
[Round "03"]
[TimeControl "180+1"]
[Date "2022.02.15"]
[WhiteClock "0:00:35"]
[BlackClock "0:00:02"]

1. d4 Nf6 2. c4 e5 3. dxe5 Ng4 4. Nf3 Bc5 5. e3 Nc6 6. Be2 Ngxe5 7. Nxe5 Nxe5 8. O-O O-O 9. Nc3 a5 10. f4 Ng6 11. f5 Ne5 12. f6 Re8 13. Nd5 Ra6 14. Kh1 Rd6 15. Qe1 c6 16. Ne7+ Rxe7 17. fxe7 Qxe7 18. Qxa5 Rh6 19. Bd2 d6 20. Rf4 g5 21. Rff1 Bg4 22. Rae1 Bxe2 23. Rxe2 Ng4 24. h3 Kg7 25. b4 Qe5 26. Rf4 gxf4 27. bxc5 Qe4 28. cxd6 Ne5 29. Bc3 Rxh3+ 30. Kg1 Rh5 31. d7 Qd3 32. Bxe5+ f6 33. Bxf6+ Kxf6 34. Qxh5 Qd1+ 35. Kh2 1-0


[Site "https://www.chess.com"]

[Event "Titled Tuesday Blitz February 15 Early 2022"]
[White "Chen, Justin"]
[Black "Delorme, Alban"]
[WhiteFideId "2098199"]
[BlackFideId "623636"]
[WhiteElo "2450"]
[BlackElo "2197"]
[Result "0-1"]
[Round "03"]
[TimeControl "180+1"]
[Date "2022.02.15"]
[WhiteClock "0:00:01"]
[BlackClock "0:00:15"]

1. e4 c5 2. Nf3 d6 3. Bb5+ Bd7 4. Bxd7+ Qxd7 5. O-O g6 6. c3 Bg7 7. d4 cxd4 8. cxd4 Nc6 9. Nc3 e6 10. d5 Ne5 11. dxe6 fxe6 12. Nxe5 Bxe5 13. f4 Bg7 14. f5 gxf5 15. exf5 exf5 16. Bg5 Nf6 17. Bxf6 Bxf6 18. Qh5+ Qf7 19. Qe2+ Be5 20. Rad1 O-O 21. Kh1 Kh8 22. Ne4 Qe7 23. Ng3 Qh4 24. Rd3 Rae8 25. Qf2 f4 26. Ne4 Qxf2 27. Nxf2 Rc8 28. Rd2 f3 29. Nd3 fxg2+ 30. Kxg2 Rg8+ 31. Kh1 Rc4 32. Nxe5 dxe5 33. Re2 e4 34. h3 Rd4 35. Kh2 Rd3 36. Rf4 e3 37. Re4 Rd2 38. Rxe3 Rd1 39. Rg2 Rf8 40. Rf3 Rxf3 0-1


[Site "https://www.chess.com"]

[Event "Titled Tuesday Blitz February 15 Early 2022"]
[White "Cherniaiev, Tykhon"]
[Black "Shvedova, Alexandra"]
[WhiteFideId "14182360"]
[BlackFideId "54154782"]
[WhiteElo "2289"]
[BlackElo "1920"]
[Result "1-0"]
[Round "03"]
[TimeControl "180+1"]
[Date "2022.02.15"]
[WhiteClock "0:00:04"]
[BlackClock "0:00:01"]

1. Nf3 Nf6 2. c4 e6 3. b3 d5 4. Bb2 b6 5. g3 Bb7 6. Bg2 Nbd7 7. O-O Bd6 8. d4 dxc4 9. bxc4 c5 10. dxc5 Bxc5 11. Nc3 O-O 12. Qc2 Rc8 13. Rad1 Qc7 14. Nb5 Qb8 15. Qc3 Rfd8 16. Ne5 Nxe5 17. Qxe5 Bxg2 18. Qxb8 Rxb8 19. Kxg2 a6 20. Na7 Rxd1 21. Rxd1 Kf8 22. Be5 Ra8 23. Nc6 Rc8 24. Na7 Ra8 25. Nc6 Rc8 26. Nb8 a5 27. Nd7+ Nxd7 28. Rxd7 f6 29. Bc7 e5 30. e4 Bd4 31. f4 h5 32. Kf3 g6 33. h3 exf4 34. gxf4 Bc5 35. e5 fxe5 36. Bxe5 Be7 37. Rb7 Rxc4 38. Rxb6 Ra4 39. Rxg6 Rxa2 40. f5 Ra3+ 41. Ke4 Rxh3 42. Kd5 Rb3 43. Ra6 Kf7 44. Rxa5 Rb4 45. Ra7 Ke8 46. f6 Bxf6 47. Bxf6 Rb1 48. Be5 Re1 49. Ke6 1-0


[Site "https://www.chess.com"]

[Event "Titled Tuesday Blitz February 15 Early 2022"]
[White "Chernomordik, Pavel"]
[Black "Papasimakopoulos, Alexandros"]
[WhiteFideId "2804530"]
[BlackFideId "4244125"]
[WhiteElo "2249"]
[BlackElo "2340"]
[Result "0-1"]
[Round "03"]
[TimeControl "180+1"]
[Date "2022.02.15"]
[WhiteClock "0:00:02"]
[BlackClock "0:00:06"]

1. e4 e6 2. Nc3 d5 3. d4 Bb4 4. Ne2 Nc6 5. a3 Ba5 6. e5 Nge7 7. Bg5 h6 8. Bh4 g5 9. Bg3 Nf5 10. Qd3 Bb6 11. O-O-O Ncxd4 12. Nxd4 Bxd4 13. Ne2 Bb6 14. f4 g4 15. Be1 Bd7 16. h3 Rg8 17. hxg4 Rxg4 18. Qf3 Rg8 19. g4 Ne3 20. Rd3 Nxg4 21. Ng3 Bb5 22. Rb3 Bxf1 23. Qxf1 Qe7 24. Nh5 O-O-O 25. a4 Ne3 26. Qf3 Nc4 27. Bh4 Qc5 28. Rd1 Rdf8 29. Kb1 Rg1 30. Ka2 Rxd1 31. Qxd1 Qc6 32. Rb4 a5 33. Rxc4 Qxc4+ 34. b3 Qc3 35. Be1 Qd4 36. Qe2 Rg8 37. Nf6 Rg1 38. Qb5 Kb8 39. Qe8+ Ka7 40. Nd7 Rxe1 41. Qb8+ Ka6 42. Qa8+ Ba7 43. Nb8+ Kb6 0-1


[Site "https://www.chess.com"]

[Event "Titled Tuesday Blitz February 15 Early 2022"]
[White "Chincholimath, Halsagar"]
[Black "Fernandez Siles, Luis"]
[WhiteFideId "5022487"]
[BlackFideId "2209420"]
[WhiteElo "1737"]
[BlackElo "2212"]
[Result "0-1"]
[Round "03"]
[TimeControl "180+1"]
[Date "2022.02.15"]
[WhiteClock "0:00:33"]
[BlackClock "0:00:13"]

1. e4 c5 2. Nc3 Nc6 3. Bb5 Nd4 4. Nf3 g6 5. O-O Bg7 6. Nxd4 cxd4 7. Ne2 Nf6 8. d3 Qb6 9. Bc4 d6 10. f4 Nxe4 11. dxe4 d3+ 12. Kh1 dxe2 13. Qxe2 O-O 14. f5 Bd7 15. c3 Rac8 16. fxg6 hxg6 17. Bg5 Rxc4 18. Qxc4 Bb5 19. Qd5 Bxf1 20. Rxf1 e6 21. Qd2 Qb5 22. Re1 Be5 23. b3 Bxc3 24. Qxc3 Qxg5 25. Qd4 Rc8 26. h3 Rc2 27. Rg1 Qe5 28. Qa4 a6 29. Qe8+ Kg7 30. Rf1 Rc7 31. Qa4 Qb5 32. Qd4+ e5 33. Qf2 Qd7 34. Qf6+ Kg8 35. Kh2 Qe7 36. Qf3 Kg7 37. Rd1 Rc2 38. a4 Rc6 39. Qd3 Qg5 40. Rf1 Qe7 41. Qf3 Rc2 42. Rd1 Qc7 43. Rf1 Rc3 44. Qf6+ Kg8 45. Qg5 Rxb3 46. Rf6 Kg7 47. Rf2 Rb4 48. a5 Rxe4 49. Qf6+ Kg8 50. Qf3 d5 51. Qf6 Rf4 52. Re2 Rxf6 0-1


[Site "https://www.chess.com"]

[Event "Titled Tuesday Blitz February 15 Early 2022"]
[White "Corrales Jimenez, Fidel"]
[Black "Ronka, Erik"]
[WhiteFideId "3506690"]
[BlackFideId "505080"]
[WhiteElo "2541"]
[BlackElo "2264"]
[Result "1-0"]
[Round "03"]
[TimeControl "180+1"]
[Date "2022.02.15"]
[WhiteClock "0:00:49"]
[BlackClock "0:00:02"]

1. d4 Nf6 2. c4 g6 3. Nc3 Bg7 4. e4 d6 5. Be2 O-O 6. Be3 e5 7. d5 Na6 8. h4 h5 9. Nh3 Nc5 10. f3 a5 11. Nf2 c6 12. Qd2 cxd5 13. cxd5 Bd7 14. Bb5 Bxb5 15. Nxb5 a4 16. Rc1 Ra5 17. Nxd6 Nfd7 18. Qb4 b6 19. Nc4 Ra8 20. Bg5 Bf6 21. Qd2 b5 22. Bxf6 Qxf6 23. Ne3 Rac8 24. Kf1 Qf4 25. Rd1 f5 26. exf5 e4 27. Rh3 Ne5 28. d6 Ned3 29. Nxe4 Nxe4 30. Qxd3 Ng3+ 31. Kf2 Nxf5 32. d7 Rcd8 33. Qd5+ Kh7 34. Nxf5 Rxf5 35. Qd4 Qc7 36. Rg3 Rf7 37. Qe4 Qb6+ 38. Kf1 Rdxd7 39. Rxd7 Rxd7 40. Rg5 Rd1+ 41. Ke2 Rd6 42. Rxh5+ Kg7 43. Re5 Kh6 44. Qf4+ Kg7 45. Re7+ Kg8 46. Qf7+ Kh8 47. Qf8# 1-0


[Site "https://www.chess.com"]

[Event "Titled Tuesday Blitz February 15 Early 2022"]
[White "Cramling Bellon, Anna"]
[Black "Domingo Nunez, Alejandro"]
[WhiteFideId "32009232"]
[BlackFideId "22245561"]
[WhiteElo "1905"]
[BlackElo "2215"]
[Result "0-1"]
[Round "03"]
[TimeControl "180+1"]
[Date "2022.02.15"]
[WhiteClock "0:00:03"]
[BlackClock "0:00:17"]

1. d4 g6 2. c4 Bg7 3. e4 d6 4. Nc3 Nd7 5. h3 e5 6. Nf3 Ne7 7. Be3 O-O 8. Be2 exd4 9. Nxd4 Nc6 10. Nxc6 bxc6 11. Qd2 Rb8 12. O-O Re8 13. f3 Nc5 14. Rfd1 Be6 15. b4 Nd7 16. Rab1 Ne5 17. c5 d5 18. exd5 cxd5 19. Nxd5 Bf5 20. Rbc1 c6 21. Nf4 Qh4 22. Bf2 Qg5 23. h4 Qf6 24. Nd3 Bxd3 25. Bxd3 Rbd8 26. Qc2 Nxf3+ 27. gxf3 Qxf3 28. Bf1 Be5 29. Bg2 Qf4 30. Qe4 Qh2+ 31. Kf1 Bb2 32. Rxd8 Rxd8 33. Qe7 Qb8 34. Re1 Bc3 35. Rb1 Re8 36. Qg5 Qb5+ 37. Kg1 Qd3 38. Rf1 Bxb4 39. h5 Bd2 40. Qf6 Re6 41. Qd8+ Qxd8 0-1


[Site "https://www.chess.com"]

[Event "Titled Tuesday Blitz February 15 Early 2022"]
[White "Crispin Ferreras, Darvi Abraham"]
[Black "Osiecki, Stanislaw"]
[WhiteFideId "6402771"]
[BlackFideId "1102990"]
[WhiteElo "2187"]
[BlackElo "2127"]
[Result "1-0"]
[Round "03"]
[TimeControl "180+1"]
[Date "2022.02.15"]
[WhiteClock "0:00:18"]
[BlackClock "0:00:03"]

1. c4 Nf6 2. Nc3 g6 3. Nf3 d6 4. d4 Bg7 5. e3 O-O 6. Be2 Nbd7 7. O-O e5 8. b3 c6 9. Bb2 a5 10. Rc1 Qe7 11. Ba3 Ne8 12. dxe5 Nxe5 13. Ne4 c5 14. Nc3 Nxf3+ 15. Bxf3 Bxc3 16. Rxc3 Be6 17. Bxb7 Qxb7 18. Rd3 Qc6 19. Bb2 Rd8 20. Qd2 Bf5 21. Rd5 Be4 22. Rg5 f6 23. Rg3 Kg7 24. f3 Bf5 25. e4 Be6 26. e5 Bf5 27. exf6+ Nxf6 28. Qxa5 Rd7 29. Rd1 Kg8 30. Qc3 d5 31. cxd5 Rxd5 32. Re1 Qd6 33. f4 Rd1 34. Re3 Rxe1+ 35. Rxe1 Qd4+ 36. Qxd4 cxd4 37. Bxd4 Nd5 38. g3 Ra8 39. Re2 Bg4 40. Rd2 Nb4 41. a4 Nc6 42. Bc5 Rb8 43. Rd6 Bf3 44. Kf2 Be4 45. Re6 Bh1 46. Kg1 Bd5 47. Rd6 Bf3 48. Rd3 Be4 49. Rc3 Bd5 50. a5 Rxb3 51. Rxb3 Bxb3 52. a6 Bd5 53. a7 Nxa7 54. Bxa7 h5 55. Bd4 Kf7 56. Kf2 Be4 57. Be5 Bf5 58. Ke3 Bb1 59. h4 Bc2 60. Kd4 Bb1 61. Bd6 Bc2 62. Ke5 Bb1 63. Bc5 Bc2 64. Be3 Bb1 65. f5 Bc2 66. f6 Bf5 67. Bd4 Bg4 68. Kf4 Bd1 69. Kg5 Bc2 70. g4 hxg4 71. Kxg4 Bb1 72. Kg5 Bf5 73. h5 Bc2 74. h6 Kg8 75. f7+ Kxf7 76. h7 1-0


[Site "https://www.chess.com"]

[Event "Titled Tuesday Blitz February 15 Early 2022"]
[White "Cunjalo, Faris"]
[Black "Goltseva, Ekaterina"]
[WhiteFideId "14410710"]
[BlackFideId "24173770"]
[WhiteElo "2263"]
[BlackElo "2140"]
[Result "1-0"]
[Round "03"]
[TimeControl "180+1"]
[Date "2022.02.15"]
[WhiteClock "0:00:36"]
[BlackClock "0:00:01"]

1. c4 Nf6 2. g3 e6 3. Bg2 d5 4. Nf3 d4 5. e3 c5 6. O-O Nc6 7. exd4 cxd4 8. d3 Bd6 9. Bg5 h6 10. Bxf6 Qxf6 11. Nbd2 Qd8 12. a3 a5 13. Rc1 O-O 14. c5 Be7 15. Re1 Qc7 16. Qa4 Ra6 17. Ne4 f5 18. Nd6 Bxd6 19. cxd6 Qxd6 20. Qb5 Rd8 21. Nd2 Kh8 22. Nc4 Qc7 23. Ne5 Rb6 24. Qxa5 Nxa5 25. Rxc7 Kh7 26. b4 Nb3 27. Rb1 Na5 28. Rbc1 Nc6 29. Nc4 Ra6 30. b5 Ra4 31. bxc6 bxc6 32. Nb6 Rxa3 33. Rxc8 Rxc8 34. Nxc8 Rxd3 35. Bxc6 e5 36. Ne7 g6 37. Be8 e4 38. Bxg6+ Kg7 39. Bxf5 Rd2 40. Bxe4 Re2 41. Nf5+ Kf6 42. Nxd4 Rxe4 43. Rc6+ Kg7 44. Nf3 Rb4 45. Kg2 Rb2 46. h4 Ra2 47. h5 Rb2 48. Rg6+ Kh7 49. g4 Rb4 50. Nh4 Rb7 51. Nf5 Rb4 52. Rxh6+ Kg8 53. Rg6+ Kh8 54. Kg3 Rc4 55. f3 Rb4 56. Rd6 Rc4 57. g5 Rb4 58. Rd8+ Kh7 59. g6# 1-0


[Site "https://www.chess.com"]

[Event "Titled Tuesday Blitz February 15 Early 2022"]
[White "Dauner, Benedikt"]
[Black "Korchmar, Vasiliy"]
[WhiteFideId "16225899"]
[BlackFideId "24131750"]
[WhiteElo "2230"]
[BlackElo "2370"]
[Result "0-1"]
[Round "03"]
[TimeControl "180+1"]
[Date "2022.02.15"]
[WhiteClock "0:00:02"]
[BlackClock "0:01:18"]

1. d4 Nf6 2. Nf3 g6 3. Nc3 d5 4. Bf4 a6 5. e3 Bg7 6. Be2 O-O 7. h4 c5 8. Ne5 Qb6 9. Rb1 cxd4 10. exd4 Nc6 11. Nxc6 bxc6 12. h5 Ne4 13. Nxe4 dxe4 14. c3 Bf5 15. hxg6 hxg6 16. g4 Be6 17. Qd2 Bxa2 18. Ra1 Bd5 19. Rh2 Rfb8 20. Bxb8 Qxb8 21. b4 Qxh2 22. Kd1 Qxf2 23. Bxa6 Qxd2+ 24. Kxd2 Bc4 25. b5 Bxb5 26. Rh1 Bxa6 27. Ke3 Bd3 28. g5 c5 29. dxc5 Bxc3 30. c6 Ba5 31. c7 Bb6+ 32. Kf4 Bxc7+ 33. Kg4 Bb6 34. Rf1 e3 35. Kf3 e2 36. Re1 Ba5 37. Rh1 e1=Q 38. Rh3 Qe4+ 39. Kg3 Be1+ 40. Kh2 Ra2+ 41. Kg1 Qg2# 0-1


[Site "https://www.chess.com"]

[Event "Titled Tuesday Blitz February 15 Early 2022"]
[White "Davtyan, Artur"]
[Black "Dubov, Daniil"]
[WhiteFideId "13308327"]
[BlackFideId "24126055"]
[WhiteElo "2311"]
[BlackElo "2791"]
[Result "0-1"]
[Round "03"]
[TimeControl "180+1"]
[Date "2022.02.15"]
[WhiteClock "0:01:03"]
[BlackClock "0:02:15"]

1. d4 Nf6 2. c4 g6 3. Nc3 d5 4. Bf4 Bg7 5. e3 O-O 6. Rc1 c6 7. h3 Be6 8. c5 Ne4 9. Bd3 Nxc3 10. Rxc3 Nd7 11. Nf3 b6 12. cxb6 Qxb6 13. O-O c5 14. Rb3 Qd8 15. Bb5 c4 16. Rc3 Nf6 17. b3 Qa5 0-1


[Site "https://www.chess.com"]